 Dungeon Crawl Stone Soup version 0.29.1-12-g30fa7ad0bf (webtiles) character file.

Game seed: 12697570842222049200

179 xzight the Ruffian (level 5, -2/52 HPs)
             Began as a Troll Fighter on Dec 27, 2022.
             Slain by a kobold
             ... wielding a +0 whip of venom
              (3 damage)
             ... on level 3 of the Dungeon.
             The game lasted 00:02:54 (1756 turns).

xzight the Ruffian (Troll Fighter)                  Turns: 1756, Time: 00:02:54

Health: -2/52      AC:  4    Str: 32    XL:     5   Next: 32%
Magic:  4/4        EV:  8    Int:  4    God:
Gold:   140        SH:  7    Dex:  9    Spells: 4/4 levels left

rFire   . . .      SeeInvis .     - Unarmed
rCold   . . .      Faith    .   b - +0 kite shield
rNeg    . . .      Spirit   .   a - +0 robe
rPois   .          Reflect  .   (helmet restricted)
rElec   .          Harm     .   (no cloak)
rCorr   .          Rampage  .   (gloves unavailable)
Will    .....                   (boots unavailable)
Stlth   +.........              (no amulet)
HPRegen 0.97/turn               S - +6 ring of strength
MPRegen 0.09/turn               (no ring)

@: lethally poisoned (-2 -> -4), invisible
A: large, unfitting armour, claws 3, regeneration 1, shaggy fur 1, tough skin 1
a: no special abilities


You were on level 3 of the Dungeon.
You visited 1 branch of the dungeon, and saw 3 of its levels.

You collected 140 gold pieces.


Innate Abilities, Weirdness & Mutations

You are too large for most types of armour.
You have claws for hands.
Your natural rate of healing is unusually fast.
You are covered in fur. (AC +1)
You have tough skin. (AC +1)


   Skills:
 + Level 2.9 Fighting
 + Level 1.4 Throwing
 - Level 2.4 Dodging
 + Level 3.2 Shields
 + Level 4.4 Unarmed Combat


You had 4 spell levels left.
You didn't know any spells.
Your spell library contained the following spells:

 Spells                   Type           Power      Damage    Failure   Level
 Dazzling Flash           Conj/Hex       0%         N/A       99%         3
 Agony                    Necr           0%         N/A       100%        5
 Silence                  Hex/Air        0%         N/A       100%        5

Inventory:

Armour
 a - a +0 robe (worn)
 b - a +0 kite shield (worn)
Jewellery
 l - an amulet of regeneration
 S - a +6 ring of strength (left claw)
Scrolls
 e - a scroll of teleportation {unknown}
 f - 2 scrolls of identify {unknown}
 g - a scroll of enchant weapon {unknown}
 i - a scroll of summoning {unknown}
 j - a scroll of butterflies {unknown}
Potions
 c - a potion of might
 k - a potion of flight {unknown}

Dungeon Overview and Level Annotations

Branches:
Dungeon (3/15)

Altars:

Shops:
D:3

: ##.....## #
##.......##
.##.........###
.'.........'.
#.........#
#.†.....#
#.....# ##.K†##
##@## #.# #.#
##.## ##...##
#.....#####.#
##..........#
#.####..########
#.......#


You could see a kobold (unable to see you).


Message History

You closely miss the adder.
The adder is heavily wounded.
You feel sick. The adder barely misses you.
You claw the adder!
You kill the adder!
You feel sick.
The kobold throws a stone.
You block the stone.
You feel sick. The kobold hits you but does no damage.
You are more poisoned.
There is an open door, spattered with blood here.
You closely miss the kobold.
You feel sick.
The kobold hits you with a +0 whip of venom.
* * * LOW HITPOINT WARNING * * *
You are lethally poisoned!
Unknown command.
Unknown command.
Unknown command.
Unknown command.
You completely miss the kobold.
* * * LOW HITPOINT WARNING * * *
You feel very sick. You block the kobold's attack.
You barely miss the kobold.
* * * LOW HITPOINT WARNING * * *
You feel sick. The kobold closely misses you.
It was a potion of invisibility.
You fade into invisibility!
* * * LOW HITPOINT WARNING * * *
You feel sick.
The kobold hits you with a +0 whip of venom.
You die...

Skill      XL: |  1  2  3  4 |
---------------+-------------+-----
Unarmed Combat | 3 4 |  4.4
Throwing       | 1 |  1.4
Shields        | 3 |  3.2
Fighting       | |  2.9
Dodging        | |  2.4

Action                   |  1- 3 |  4- 6 || total
-------------------------+-------+-------++-------
Melee: Unarmed           |    88 |    56 ||   144
Throw: Boomerang         |    12 |     4 ||    16
  Use: Potion            |       |     1 ||     1
Armor: Robe              |    36 |    17 ||    53
Dodge: Dodged            |    28 |    13 ||    41
Block: Kite shield       |    32 |    16 ||    48

Levels and vault maps discovered:
D:1:      nzn_arrival_depleted_hourglass, layout_loops_ring,
          dreamdust_ecumenical_altar_statues,
          hangedman_abyss_or_decor_lesser_grid
D:2:      layout_basic, serial_bayou_pond_b, minmay_misc_feat_doors,
          uniq_terence
D:3:      layout_loops_corners, nicolae_hepliaklqana_hippocampus, serial_shops,
          nicolae_square_shop

Notes
Turn   | Place    | Note
-------+----------+-------------------------------------------
     0 | D:1      | xzight the Troll Fighter began the quest for the Orb.
     0 | D:1      | Reached XP level 1. HP: 22/22 MP: 0/0
   208 | D:1      | Found a faded altar of an unknown god.
   219 | D:1      | Reached XP level 2. HP: 29/29 MP: 1/1
   280 | D:1      | Reached skill level 3 in Unarmed Combat
   847 | D:2      | Reached XP level 3. HP: 31/36 MP: 2/2
  1095 | D:2      | Noticed Terence
  1102 | D:2      | Killed Terence
  1103 | D:2      | Reached skill level 4 in Unarmed Combat
  1103 | D:2      | Reached XP level 4. HP: 28/44 MP: 3/3
  1471 | D:3      | Noticed a necrophage
  1483 | D:3      | Killed a necrophage
  1484 | D:3      | Reached skill level 1 in Throwing
  1484 | D:3      | Reached skill level 3 in Shields
  1484 | D:3      | Reached XP level 5. HP: 47/52 MP: 4/4
  1673 | D:3      | Found Peogeukk's Book Shoppe.
  1753 | D:3      | HP: 5/52 [kobold/+0 whip of venom (1)]
  1755 | D:3      | HP: 2/52 [poisoned by a kobold]
  1756 | D:3      | Slain by a kobold

Vanquished Creatures
  A necrophage (D:3)
  Terence (D:2)
  3 adders
  A white imp (D:3)
  A worm (D:2)
  5 orcs (D:3)
  6 ball pythons
  3 bats
  An endoplasm (D:2)
  2 giant cockroaches (D:1)
  6 hobgoblins
  3 jackals (D:2)
  3 quokkas
  A frilled lizard (D:1)
  3 goblins
  3 kobolds (D:1)
  3 rats
46 creatures vanquished.

Vanquished Creatures (others)
  2 plants (D:2)
2 creatures vanquished.

Grand Total: 48 creatures vanquished

Table legend: (Time is in decaauts)
 A = Elapsed time spent in this place.
 B = Non-inter-level travel time spent in this place.
 C = Inter-level travel time spent in this place.
 D = Time resting spent in this place.
 E = Time spent auto-exploring this place.
 F = Levels seen in this place.
 G = Mean time per level.
                   A        B        C        D        E       F      G
               +--------+--------+--------+--------+--------+-----+--------+
         Total |   1773 |   1662 |    111 |     23 |   1287 |   3 |  591.0 |
       Dungeon |   1773 |   1662 |    111 |     23 |   1287 |   3 |  591.0 |
               +--------+--------+--------+--------+--------+-----+--------+

Top non-repeatable levels by time:
     D:1: 750 daAuts
     D:2: 687 daAuts
     D:3: 335 daAuts

Table legend:
 A = Non-vault XP
 B = Vault XP
 C = Vault XP percentage of total XP
 D = Non-vault monster count
 E = Vault monster count
 F = Vault count percentage of total count
                 A         B        C        D         E       F
            +---------+---------+-------+---------+---------+-------
      Total |     203 |      53 |  20.7 |      42 |       4 |   8.7
            +---------+---------+-------+---------+---------+-------
        D:1 |      28 |       0 |   0.0 |      17 |       0 |   0.0
        D:2 |      28 |      53 |  65.4 |      13 |       4 |  23.5
        D:3 |     147 |       0 |   0.0 |      12 |       0 |   0.0
            +---------+---------+-------+---------+---------+-------
